 Dungeon Crawl Stone Soup version bcrawl-1.27.6 (webtiles) character file.

Game seed: 4880586998549296762

422588 Faustar the Fighter (level 12, -11/86 HPs)
             Began as a Gargoyle Fighter on Sept 8, 2020.
             Was a Priest of the Shining One.
             Mangled by a two-headed ogre
             ... wielding a +0 giant club
              (15 damage)
             ... on level 10 of the Dungeon.
             The game lasted 00:17:58 (10258 turns).

Faustar the Fighter (Gargoyle Fighter)             Turns: 10258, Time: 00:17:58

Health: -11/86     AC: 25    Str: 24    XL:     12   Next: 12%
Magic:  12/12      EV: 13    Int: 10    God:    the Shining One [***...]
Gold:   580        SH:  0    Dex:  9    Spells: 11/11 levels left

rFire    . . .     SeeInvis .   E - +3 dire flail
rCold    . . .     Gourm    .   (shield currently unavailable)
rNeg     + + +     Faith    .   v - +4 chain mail of the Game Afoot {rN+}
rPois    ∞         Spirit   .   o - +0 helmet
rElec    +         Reflect  .   t - scarf {stasis}
rCorr    .         Harm     .   l - +1 pair of gloves
MR       .....                  (no boots)
Stlth    ..........             m - amulet of the acrobat
HPRegen  0.24/turn              y - +5 ring of evasion
MPRegen  0.13/turn              (no ring)

@: glowing
A: negative energy resistance 1, electricity resistance, unbreathing,
petrification resistance, rot immunity, AC +8
a: Divine Shield, Renounce Religion


You were on level 10 of the Dungeon.
You worshipped the Shining One.
The Shining One was most pleased with you.
You were not hungry.

You visited 2 branches of the dungeon, and saw 11 of its levels.
You also visited: Sewer.

You collected 740 gold pieces.
You spent 160 gold pieces at shops.

Inventory:

Hand Weapons
 a - a +0 flail
 E - a +3 dire flail (weapon)
 F - the +6 quarterstaff of Ebapothu {crush, *Slow rC+ Dex+3, unknown}
   (You found it on level 7 of the Dungeon)

   It will always inflict at least some extra damage.
   This minimum extra damage increases with your current reserve of magical
   power.
   It affects your dexterity (+3).
   It protects you from cold.
   It may slow you when you take damage.
 J - the +6 trident "Plog" {pain, *Contam +Rage Int+4, unknown}
   (You found it on level 9 of the Dungeon)

   In the hands of one skilled in necromantic magic, it inflicts extra damage on
   living creatures.
   It affects your intelligence (+4).
   It lets you go berserk.
   It causes magical contamination when unequipped.
   The Shining One disapproves of the use of such an item.
Missiles
 N - 4 throwing nets {=f}
Armour
 b - a +0 scale mail
 c - a +0 medium shield
 l - a +1 pair of gloves (worn)
 o - a +0 helmet (worn)
 r - a +0 cloak
 t - a scarf of stasis (worn)
 v - the +4 chain mail of the Game Afoot (worn) {rN+}
   (You found it on level 5 of the Dungeon)

   It protects you from negative energy.
Jewellery
 m - an amulet of the acrobat (around neck)
 y - a +5 ring of evasion (left hand)
 K - an uncursed ring of stealth
 M - an uncursed amulet of faith
Wands
 q - a wand of polymorph (6)
 z - a wand of enslavement (6)
 D - a wand of iceblast (8)
 P - a wand of paralysis (9)
Scrolls
 f - 8 scrolls of fear
 g - 5 scrolls of blinking
 h - 2 scrolls of enchant weapon
 i - 2 scrolls of noise
 j - 3 scrolls of identify
 k - a scroll of magic mapping
 n - 2 scrolls of immolation
 p - 7 scrolls of remove curse
 u - a scroll of torment
 w - 5 scrolls of teleportation
 x - 4 scrolls of enchant armour
Potions
 d - a potion of might
 s - 3 potions of curing
 A - a potion of cancellation
 B - a potion of haste
 C - 2 potions of agility
 G - a potion of resistance
 H - 2 potions of heal wounds
 I - a potion of degeneration
 O - 2 potions of berserk rage {unknown}
Comestibles
 e - 18 rations {!d}
 L - 2 chunks of flesh


   Skills:
 + Level 14.6 Fighting
 + Level 13.4 Maces & Flails
 - Level 3.2 Armour
 - Level 3.2 Shields


You had 11 spell levels left.
You didn't know any spells.
Your spell library contained the following spells:

 Spells                   Type           Power        Failure   Level  Hunger
 Apportation              Tloc           #.....       95%         1    None
 Infusion                 Chrm           #.......     95%         1    None
 Sandblast                Erth           #.....       95%         1    None
 Slow                     Hex            #.......     95%         1    None
 Summon Butterflies       Summ           #.......     95%         1    None


Dungeon Overview and Level Annotations

Branches:
Dungeon (10/12)            Temple (1/1) D:6            Lair (0/6) D:7
    Orc: D:8-11

Altars:
Ashenzari
Cheibriados
Dithmenos
Elyvilon
Fedhas
Gozag
Hepliaklqana
Kikubaaqudgha
Lugonu
Makhleb
Nemelex Xobeh
Okawaru
Qazlal
Ru
Sif Muna
Trog
Uskayaw
Vehumet
Wu Jian
Xom
Yredelemnul
Zin
The Shining One

Shops:
D:4 (   D:7 =   D:8 *   D:9 =   D:10 (!


Innate Abilities, Weirdness & Mutations

You are resistant to torment.
Your stone body is resilient. (AC +8)
You are immune to poison.
You resist negative energy. (rN+)
You are resistant to electric shocks. (rElec)
You can survive without breathing.
You are immune to petrification.
You are immune to rotting.


Message History

The slime creature hits you but does no damage.
A very large slime creature splits.
Evoke which item? (* to show all) (? for menu, Esc to quit)
Aiming: Enslavement
Press: ? - help, Shift-Dir - straight line, f/p - two-headed ogre
Aim: a two-headed ogre, wielding two +0 giant clubs (haloed, chance to defeat MR: 28%)
The two-headed ogre easily resists.
The slime creature hits you!
* * * LOW HITPOINT WARNING * * *
The large slime creature hits you!
* * * LOW HITPOINT WARNING * * *
The slime creature closely misses you.
The slime creature completely misses you.
Two slime creatures merge to form a very large slime creature.
Your stasis prevents you from teleporting.
You sock the two-headed ogre!
The two-headed ogre is moderately wounded.
The slime creature hits you!
* * * LOW HITPOINT WARNING * * *
The two-headed ogre hits you with a +0 giant club!
You die...

$.. #......≈...@.## ..
#............##
#.............. .......
#########...... .∩....<
#########......
.......########.............#
..$.........................#
............................#
..........@O.............##
#.†.....JJ........#....##
#..........########....##
#..........# #.......
#..........# #...≈...
######..≈≈.# ##...≈...
##.....######...≈≈≈..
#...........#...≈≈≈..
#...(.......#.....≈∩.


You could see a very large slime creature, a slime creature and a two-headed
ogre.

Vanquished Creatures
  Harold (D:10)
  A two-headed ogre (D:9)
  A goliath frog (D:8)
  A cyclops (D:8)
  2 manticores (D:10)
  Joseph (D:7)
  3 centaur zombies
  2 trolls (D:8)
  2 hippogriffs
  A spriggan (D:7)
  A wyvern (D:9)
  A centaur simulacrum (D:10)
  16 yaks
  A hungry ghost (D:8)
  A vampire mosquito (D:8)
  A water moccasin (D:9)
  A meliai simulacrum (D:10)
  6 ice beasts
  5 orc warriors
  2 black bears
  A phantom (D:8)
  4 sky beasts
  4 ogres
  2 wolves (D:10)
  6 centaurs
  A big kobold (D:9)
  4 bullfrogs
  A wyvern skeleton (D:5)
  6 killer bees (D:8)
  6 scorpions
  A water moccasin skeleton (D:4)
  4 electric eels (D:10)
  A howler monkey (D:7)
  18 wights
  4 crimson imps
  3 orc priests
  4 jellies
  2 orc wizards
  A bullfrog skeleton (D:9)
  4 iguanas
  7 worker ants
  A killer bee zombie (D:6)
  Robin (D:2)
  2 worker ant zombies
  13 adders
  6 gnolls
  3 shadow imps
  A white imp (D:10)
  3 ufetubi (D:10)
  3 oozes
  3 worms
  3 dart slugs
  2 leopard geckos
  28 orcs
  7 giant cockroaches
  11 hobgoblins
  11 jackals
  8 quokkas
  6 ball pythons
  3 bats
  7 frilled lizards
  8 goblins
  A jackal skeleton (D:4)
  24 kobolds
  A quokka zombie (D:5)
  5 rats
  A plant (Sewer)
296 creatures vanquished.

Vanquished Creatures (collateral kills)
  An ogre mage (D:8)
1 creature vanquished.

Vanquished Creatures (others)
  A fungus (D:7)
1 creature vanquished.

Grand Total: 298 creatures vanquished

Notes
Turn   | Place    | Note
-------+----------+-------------------------------------------
     0 | D:1      | Faustar the Gargoyle Fighter began the quest for the Orb.
     0 | D:1      | Reached XP level 1. HP: 14/14 MP: 1/1
    70 | D:1      | Reached XP level 2. HP: 19/19 MP: 2/2
   353 | D:1      | Reached XP level 3. HP: 24/24 MP: 3/3
   364 | D:1      | Reached skill level 4 in Fighting
   927 | D:2      | Reached XP level 4. HP: 30/30 MP: 4/4
  1094 | D:2      | Found a faded altar of an unknown god.
  1450 | D:2      | Noticed Robin
  1506 | D:2      | Killed Robin
  1506 | D:2      | Reached XP level 5. HP: 9/34 MP: 5/5
  2191 | D:3      | Reached skill level 5 in Fighting
  2276 | D:3      | Found a shadowy altar of Dithmenos.
  2930 | D:4      | Reached XP level 6. HP: 33/40 MP: 6/6
  3108 | D:4      | HP: 1/41 [ogre/+0 giant club (6)]
  3114 | D:4      | Reached skill level 6 in Fighting
  3114 | D:4      | Reached skill level 5 in Maces & Flails
  3311 | D:4      | Reached XP level 7. HP: 43/47 MP: 7/7
  3720 | D:4      | Found Suifasad's Weapon Emporium.
  3809 | D:4      | Found a burning altar of Makhleb.
  3993 | D:5      | Entered Level 5 of the Dungeon
  4227 | D:5      | Got a jet-studded chain mail
  4392 | D:5      | Found a white marble altar of Elyvilon.
  4442 | D:5      | Reached skill level 7 in Fighting
  4458 | D:5      | Found a basalt altar of Yredelemnul.
  5038 | D:6      | Reached XP level 8. HP: 51/54 MP: 8/8
  5153 | D:6      | Reached skill level 8 in Fighting
  5195 | D:6      | HP: 1/54 [wight/+0 battleaxe (14)]
  5246 | D:6      | Found a glowing drain.
  5259 | Sewer    | Entered a sewer
  6110 | D:6      | Reached skill level 9 in Fighting
  6199 | D:6      | Found a staircase to the Ecumenical Temple.
  6222 | D:6      | Reached XP level 9. HP: 45/60 MP: 9/9
  6237 | Temple   | Entered the Ecumenical Temple
  6379 | Temple   | Became a worshipper of the Shining One
  6489 | D:6      | Found a bloodstained altar of Trog.
  6596 | D:6      | Reached skill level 10 in Fighting
  6685 | D:6      | Found an opulent altar of Gozag.
  6990 | D:7      | Reached * piety under the Shining One
  7149 | D:7      | Noticed Joseph
  7171 | D:7      | Killed Joseph
  7171 | D:7      | Reached skill level 11 in Fighting
  7171 | D:7      | Reached skill level 10 in Maces & Flails
  7171 | D:7      | Reached XP level 10. HP: 49/70 MP: 10/10
  7271 | D:7      | Found a staircase to the Lair.
  7319 | D:7      | Found Weiguss's Jewellery Shoppe.
  7447 | D:7      | Got a twisted quarterstaff
  7472 | D:7      | Found an ornate altar of the Wu Jian Council.
  7586 | D:7      | Found an iron altar of Okawaru.
  7859 | D:8      | Reached skill level 12 in Fighting
  7958 | D:8      | Noticed an ogre mage
  7958 | D:8      | Reached ** piety under the Shining One
  7960 | D:8      | Found a blossoming altar of Fedhas.
  7960 | D:8      | Noticed an ettin
  7963 | D:8      | Killed an ogre mage
  7966 | D:8      | Found a shimmering altar of Xom.
  7973 | D:8      | Was placed under penance by the Shining One
  7975 | D:8      | Noticed a goliath frog
  7975 | D:8      | an ettin changed into a goliath frog
  7985 | D:8      | Killed a goliath frog
  8079 | D:8      | Noticed a cyclops
  8162 | D:8      | Killed a cyclops
  8162 | D:8      | Reached XP level 11. HP: 26/76 MP: 11/11
  8467 | D:8      | Found Ystreng's General Store.
  8489 | D:8      | Bought a scroll of teleportation for 36 gold pieces
  8489 | D:8      | Bought a potion of curing for 30 gold pieces
  8489 | D:8      | Bought a scroll of identify for 24 gold pieces
  8577 | D:8      | Reached skill level 13 in Fighting
  8898 | D:9      | Identified the +4 chain mail of the Game Afoot {rN+} (You
                  | found it on level 5 of the Dungeon)
  8910 | D:9      | Noticed a two-headed ogre
  8919 | D:9      | Killed a two-headed ogre
  8997 | D:9      | Found Renyut's Jewellery Shoppe.
  9139 | D:9      | Got a jewelled trident
  9509 | D:9      | Found a corrupted altar of Lugonu.
  9510 | D:9      | Found a hide-covered altar of Uskayaw.
  9538 | D:10     | Entered Level 10 of the Dungeon
  9552 | D:10     | Was forgiven by the Shining One
  9646 | D:10     | Noticed a manticore
  9656 | D:10     | Killed a manticore
  9718 | D:10     | Reached skill level 14 in Fighting
  9776 | D:10     | Noticed Harold
  9805 | D:10     | Reached *** piety under the Shining One
  9869 | D:10     | Killed Harold
  9869 | D:10     | Reached XP level 12. HP: 56/86 MP: 12/12
 10174 | D:10     | Found Hoecur's Distillery.
 10184 | D:10     | Bought a potion of heal wounds for 70 gold pieces
 10228 | D:10     | Found Jidiam's Weapon Boutique.
 10253 | D:10     | Noticed a two-headed ogre
 10258 | D:10     | HP: 4/86 [slime creature (11)]
 10258 | D:10     | Mangled by a two-headed ogre

Skill      XL: |  1  2  3  4  5  6  7  8  9 10 11 |
---------------+----------------------------------+-----
Fighting       | 4 5 6 7 9 11 12 14 | 14.6
Maces & Flails | 3 4 5 6 8 10 11 13 | 13.4
Armour         | |  3.2
Shields        | |  3.2

Action                   |  1- 3 |  4- 6 |  7- 9 | 10-12 || total
-------------------------+-------+-------+-------+-------++-------
Melee: Flail             |   129 |   259 |   301 |       ||   689
       Dire flail        |       |       |   119 |   413 ||   532
       Unarmed           |       |       |     1 |       ||     1
Evoke: Wand              |       |       |       |     8 ||     8
  Use: Potion            |       |     1 |     7 |       ||     8
       Scroll            |       |       |     1 |    13 ||    14
 Stab: Invisible         |       |     1 |       |       ||     1
  Eat: Chunk             |     4 |    16 |    20 |    19 ||    59
       Ration            |       |       |     1 |       ||     1
Armor: Scale mail        |   116 |   220 |   158 |    33 ||   527
       Chain mail        |       |       |       |   135 ||   135
Dodge: Dodged            |    90 |   178 |   292 |   359 ||   919
Block: Medium shield     |     9 |       |       |       ||     9
